 Dungeon Crawl Stone Soup version 0.30-a0-739-gea05faddec (webtiles) character file.

Game seed: 5765734615651821508

322 DecibelRebel the Twirler (level 6, -4/44 HPs)
             Began as a Demonspawn Gladiator on Feb 4, 2023.
             Slain by a gnoll
             ... wielding a +0 halberd
             ... led by a gnoll bouda
              (6 damage)
             ... on level 4 of the Dungeon.
             The game lasted 00:05:35 (3023 turns).

DecibelRebel the Twirler (Demonspawn Gladiator)     Turns: 3023, Time: 00:05:36

Health: -4/44      AC:  4    Str: 16    XL:     6   Next: 22%
Magic:  6/6        EV:  6    Int: 10    God:
Gold:   176        SH:  0    Dex: 14    Spells: 5/5 levels left

rFire   . . .      SeeInvis .    a - +0 quarterstaff
rCold   . . .      Faith    .    (shield currently unavailable)
rNeg    . . .      Spirit   .    b - +0 leather armour
rPois   .          Reflect  .    c - +0 helmet
rElec   .          Harm     .    (no cloak)
rCorr   .          Rampage  .    (no gloves)
Will    .....                    (no boots)
Stlth   +                        (no amulet)
HPRegen 0.27/turn                (no ring)
MPRegen 0.20/turn                (no ring)

@: held
A: hooves 1, magic regeneration, demonic touch 2
a: no special abilities


You were on level 4 of the Dungeon.
You visited 1 branch of the dungeon, and saw 4 of its levels.

You collected 176 gold pieces.

Inventory:

Hand Weapons
 a - a +0 quarterstaff (weapon)
Missiles
 d - 3 throwing nets (quivered)
 e - a javelin
Armour
 b - a +0 leather armour (worn)
 c - a +0 helmet (worn)
Jewellery
 p - a ring of ice
Scrolls
 f - 3 scrolls of immolation
 h - 2 scrolls of summoning
 i - 2 scrolls of fog
 k - 7 scrolls of teleportation
 l - a scroll of enchant weapon {unknown}
 m - a scroll of fear {unknown}
 n - 2 scrolls of magic mapping
 q - a scroll of silence {unknown}
 r - a scroll of vulnerability {unknown}
 t - a scroll of torment {unknown}
 u - 2 scrolls of blinking
 y - a scroll of identify
Potions
 g - 2 potions of haste
 j - a potion of mutation {unknown}
 o - a potion of ambrosia
 s - a potion of curing {unknown}
 v - a potion of experience {unknown}
 w - a potion of invisibility {unknown}
 x - a potion of berserk rage
 z - a potion of might {unknown}
 A - a potion of degeneration
 B - a potion of brilliance {unknown}


   Skills:
 - Level 2.0 Fighting
 * Level 6.2 Staves
 - Level 1.8 Throwing
 - Level 3.0 Dodging


You had 5 spell levels left.
You didn't know any spells.
Your spell library contained the following spells:

 Spells                   Type           Power      Damage    Failure   Level
 Freeze                   Ice            0%         1d3       43%         1
 Frozen Ramparts          Ice            0%         1d1       80%         3
 Hailstorm                Conj/Ice       0%         3d3       80%         3


Dungeon Overview and Level Annotations

Branches:
Dungeon (4/15)
 Temple: D:4-7

Altars:
Xom


Innate Abilities, Weirdness & Mutations

You have large cloven feet.
You regenerate magic rapidly.
Your touch may inflict irresistible damage on your foes.


Message History

Found a sapphire potion.
A gnoll comes into view. It is wielding a +0 flail.
A gnoll bouda comes into view. It is wielding a +0 whip.
You recover from your berserk rage.
The gnoll bouda barks out a call to the hunt!
The gnoll picks up the pace!
A gnoll comes into view. It is wielding a +0 halberd.
The gnoll shouts!
The gnoll bouda gazes fiercely through you!
You feel your attacks grow feeble.
You hit the gnoll. Your kick misses the gnoll.
The gnoll is heavily wounded.
A gnoll comes into view. It is wielding a +0 halberd.
The gnoll hits you with a +0 whip.
The gnoll bouda gazes fiercely through you!
You feel as though you will be weak longer.
You hit the gnoll. You kick the gnoll.
You kill the gnoll!
You completely miss the gnoll. The gnoll completely misses you.
The gnoll attacks as you move away! The gnoll hits you with a +0 flail!
The gnoll hits you with a +0 flail.
Press: ? - help, v - describe, . - travel The floor.
There are monsters nearby!
Your attacks no longer feel as feeble.
The gnoll barely misses you. The gnoll attacks as you move away!
The gnoll hits you with a +0 flail.
The gnoll throws a throwing net.
The throwing net hits you.
You become entangled in the net!
You see here a throwing net.
You struggle against the net.
The gnoll hits you with a +0 flail! The gnoll barely misses you.
You struggle against the net.
The gnoll closely misses you. The gnoll barely misses you.
You struggle against the net.
The gnoll hits you with a +0 flail.
The gnoll hits you from afar with a +0 halberd!
* * * LOW HITPOINT WARNING * * *
You struggle against the net.
The gnoll hits you from afar with a +0 halberd.
You die...

**.#.#####...................#
*,!........................#.#
*,..........#..............#..
*,............................
*,.......)##.#......).........
*,........##..............####
*,........##gg..#####......###
*,...........gg.# ###..#....
**.####.#####@#.# *** #.......
*,***#g* #....#**,**#.###...
*,,,,..***#.####8**,*#.# #...
******,,>,..***,,,**,#.# #...
*,**##.,*8,,,8*,..# #... *,*
*#.**,,,,,**### #... *,*
*..,,,,_,,8######...
******,***.###,,,,,*#.....###
*,,,,,,,,,,#.#8,,,8######....


You could see a gnoll bouda and 3 gnolls.

Vanquished Creatures
  An ogre (D:4)
  An orc priest (D:2)
  A jelly (D:3)
  An orc wizard (D:2)
  A gnoll (D:4)
  7 adders
  2 worms
  6 dart slugs
  3 orcs
  4 ball pythons
  4 endoplasms (D:2)
  3 giant cockroaches
  5 goblins
  5 hobgoblins
  2 jackals (D:4)
  7 kobolds
  4 quokkas
  2 bats
  4 frilled lizards
  4 rats
67 creatures vanquished.

Vanquished Creatures (others)
  2 plants (D:2)
2 creatures vanquished.

Grand Total: 69 creatures vanquished

Notes
Turn   | Place    | Note
-------+----------+-------------------------------------------
     0 | D:1      | DecibelRebel the Demonspawn Gladiator began the quest for
                  | the Orb.
     0 | D:1      | Reached XP level 1. HP: 16/16 MP: 1/1
   107 | D:1      | Discovered your monstrous ancestry.
   107 | D:1      | Gained mutation: You have large cloven feet. [demonic
                  | ancestry]
   107 | D:1      | Reached XP level 2. HP: 20/22 MP: 2/2
   195 | D:1      | Reached skill level 3 in Staves
   581 | D:1      | Found a faded altar of an unknown god.
   860 | D:2      | Reached XP level 3. HP: 10/27 MP: 3/3
  1172 | D:2      | Reached skill level 4 in Staves
  1215 | D:2      | Gained mutation: Your touch may inflict minor irresistible
                  | damage on your foes. [demonic ancestry]
  1215 | D:2      | Reached XP level 4. HP: 33/33 MP: 4/4
  2139 | D:3      | Found a shimmering altar of Xom.
  2337 | D:3      | Reached skill level 5 in Staves
  2337 | D:3      | Gained mutation: Your touch may inflict irresistible damage
                  | on your foes. [demonic ancestry]
  2337 | D:3      | Reached XP level 5. HP: 38/38 MP: 5/5
  2974 | D:4      | Noticed an ogre
  2981 | D:4      | Killed an ogre
  2982 | D:4      | Reached skill level 6 in Staves
  2982 | D:4      | Gained mutation: You regenerate magic rapidly. [demonic
                  | ancestry]
  2982 | D:4      | Reached XP level 6. HP: 44/44 MP: 6/6
  3022 | D:4      | HP: 2/44 [gnoll/+0 halberd[a gnoll bouda] (13)]
  3023 | D:4      | Slain by a gnoll

Illustrated notes

Levels and vault maps discovered:
D:1:      lightli_arrival_boilingwater, layout_loops_ring,
          shapermc_ecumenical_altar_mp_urbaneastern, minmay_octomino_e4
D:2:      layout_basic, serial_bayou_ford_a, roderic_lattice_a
D:3:      layout_loops_ring, mainiacjoe_overflow_six_doors_small,
          tso_oasis_becter, minmay_door_square, minivault_26, st_stairs_10,
          minmay_misc_feat_diagonals
D:4:      layout_rooms, nzn_wu_jian_council_hall, fedhas_altar_1, serial_curves,
          eino_curves_01, eino_curves_01

Skill      XL: |  1  2  3  4  5 |
---------------+----------------+-----
Dodging        | 3 |  3.0
Staves         | 3 4 5 6 |  6.2
Fighting       | |  2.0
Throwing       | |  1.8

Action                     |  1- 3 |  4- 6 || total
---------------------------+-------+-------++-------
  Melee: Quarterstaff      |    91 |    94 ||   185
         Kick              |    16 |    29 ||    45
    Use: Scroll            |       |    10 ||    10
         Potion            |       |     1 ||     1
   Stab: Sleeping          |     1 |     2 ||     3
 Armour: Leather armour    |    22 |    21 ||    43
  Dodge: Dodged            |    53 |    54 ||   107

Table legend: (Time is in decaauts)
 A = Elapsed time spent in this place.
 B = Non-inter-level travel time spent in this place.
 C = Inter-level travel time spent in this place.
 D = Time resting spent in this place.
 E = Time spent auto-exploring this place.
 F = Levels seen in this place.
 G = Mean time per level.
                   A        B        C        D        E       F      G
               +--------+--------+--------+--------+--------+-----+--------+
         Total |   3059 |   2963 |     96 |    356 |   2046 |   4 |  764.8 |
       Dungeon |   3059 |   2963 |     96 |    356 |   2046 |   4 |  764.8 |
               +--------+--------+--------+--------+--------+-----+--------+

Top non-repeatable levels by time:
     D:2: 1090 daAuts
     D:3: 972 daAuts
     D:1: 769 daAuts
     D:4: 226 daAuts
